 Dungeon Crawl Stone Soup version 0.31-a0-925-g0a390f2509 (webtiles) character file.

Game seed: 8746680015537347943

57279 DocEon the Tortoise (level 14, 0/126 HPs)
             Began as an Armataur Fighter on Oct 19, 2023.
             Was the Champion of Okawaru.
             Succumbed to an orange demon's poison
             ... on level 2 of the Orcish Mines.
             The game lasted 00:29:21 (25325 turns).

DocEon the Tortoise (Armataur Fighter)             Turns: 25325, Time: 00:29:22

Health: 0/126      AC: 38    Str: 25      XL:     14   Next: 45%
Magic:  21/23      EV:  7    Int: 15 (17) God:    Okawaru [******]
Gold:   2450       SH: 12    Dex: 18      Spells: 13/13 levels left

rFire   . . .        A - +7 morningstar (holy)
rCold   + . .        c - +0 buckler
rNeg    . . .        C - +8 orange crystal plate armour {Archmagi, Int+3 Clar}
rPois   .            (no helmet)
rElec   .            I - +2 cloak
rCorr   .            O - +1 pair of gloves
SInv    .            (no barding)
Will    +....        i - amulet of reflection Stlth
                     g - +6 ring of intelligence
HPRegen 0.41/turn    k - ring "Topp" {rC+ Dex+6}
MPRegen 0.18/turn

%: reflection, clarity, roll, archmagi
@: lethally poisoned (0 -> -16), silenced, heroic
A: large, rugged brown scales 3, deformed body, armoured tail, roll, long
tongue, awkward tongue
a: Renounce Religion


You were on level 2 of the Orcish Mines.
You worshipped Okawaru.
Okawaru was exalted by your worship.
You visited 3 branches of the dungeon, and saw 19 of its levels.
You also visited: Bailey.

You collected 2703 gold pieces.
You spent 253 gold pieces at shops.

Inventory:

Hand Weapons
 a - a +1 flail of protection
 n - the +7 staff of the Meek {protect, meekguard}
   (You found it on level 4 of the Dungeon)
 x - a +2 whip of freezing
 A - a +7 morningstar of holy wrath (weapon)
Missiles
 f - 35 poisoned darts (quivered)
 m - 2 throwing nets
 z - 11 curare-tipped darts
Armour
 c - a +0 buckler (worn)
 C - the +8 orange crystal plate armour (worn) {Archmagi, Int+3 Clar}
   (Okawaru gifted it to you on level 9 of the Dungeon)

   Int+3:     It affects your intelligence (+3).
   Clar:      It protects you from confusion, rage, mesmerisation and fear.
 I - a +2 cloak (worn)
 O - a +1 pair of gloves (worn)
Jewellery
 b - an amulet of guardian spirit
 g - a +6 ring of intelligence (left hand)
 i - an amulet of reflection (around neck)
 k - the ring "Topp" (right hand) {rC+ Dex+6}
   (You found it in a bailey)

   [ring of dexterity]

   Dex+6:     It affects your dexterity (+6).
   rC+:       It protects you from cold.
 M - a ring of protection from cold
Wands
 o - a wand of paralysis (14)
 p - a wand of mindburst (6)
 r - a wand of acid (4)
 t - a wand of flame (22)
 D - a wand of polymorph (4)
 G - a wand of roots (9)
Scrolls
 j - 2 scrolls of teleportation
 v - 4 scrolls of amnesia
 y - a scroll of poison
 B - 3 scrolls of vulnerability
 E - 6 scrolls of immolation
 F - a scroll of revelation
 H - 3 scrolls of blinking
 K - 3 scrolls of enchant armour
 P - a scroll of identify
Potions
 d - 4 potions of enlightenment
 e - a potion of resistance {unknown}
 h - 2 potions of cancellation
 l - 3 potions of might
 q - 5 potions of lignification
 s - a potion of mutation
 u - a potion of haste {unknown}
 w - a potion of invisibility
 L - 2 potions of brilliance


   Skills:
 + Level 9.2(14.2) Fighting
 - Level 14.0(19.0) Maces & Flails
 * Level 16.3(21.3) Armour
 - Level 7.0(12.0) Shields
 + Level 12.0 Invocations


You had 13 spell levels left.
You didn't know any spells.
Your spell library contained the following spells:

 Spells                   Type           Power      Damage    Failure   Level
 Apportation              Tloc           0%         N/A       99%         1
 Freeze                   Ice            0%         1d3       99%         1
 Necrotise                Necr           0%         1d4       99%         1
 Shock                    Conj/Air       0%         1d3       99%         1
 Blink                    Tloc           0%         N/A       99%         2
 Lesser Beckoning         Tloc           0%         N/A       99%         2
 Momentum Strike          Conj/Tloc      0%         3d8       99%         2
 Static Discharge         Conj/Air       0%         2-2/arc   99%         2
 Sublimation of Blood     Necr           0%         N/A       99%         2
 Wereblood                Tmut           0%         N/A       99%         2
 Frozen Ramparts          Ice            0%         1d1       100%        3
 Gell's Gravitas          Tloc           0%         N/A       100%        3
 Hailstorm                Conj/Ice       0%         3d3       100%        3
 Mephitic Cloud           Conj/Pois/Air  0%         N/A       100%        3
 Ozocubu's Armour         Ice            0%         N/A       100%        3
 Swiftness                Air            0%         N/A       100%        3
 Teleport Other           Tloc           0%         N/A       100%        3
 Airstrike                Air            0%         2d(0-16)  100%        4
 Cause Fear               Hex            0%         N/A       100%        4
 Fireball                 Conj/Fire      0%         3d3       100%        5
 Freezing Cloud           Conj/Ice/Air   0%         6-21      100%        5
 Iskenderun's Battlesphe  Conj           0%         2d6       100%        5
 Bombard                  Conj/Erth      0%         9d1       100%        6
 Summon Small Mammal      Summ           Unusable   N/A       N/A         1
 Summon Ice Beast         Ice/Summ       Unusable   N/A       N/A         4
 Summon Lightning Spire   Summ/Air       Unusable   N/A       N/A         4
 Simulacrum               Ice/Necr       Unusable   N/A       N/A         6
 Spellforged Servitor     Conj/Summ      Unusable   N/A       N/A         7
 Summon Hydra             Summ           Unusable   N/A       N/A         7
 Dragon's Call            Summ           Unusable   N/A       N/A         9

Dungeon Overview and Level Annotations

Branches:
Dungeon (12/15)            Temple (0/1) D:5            Lair (5/5) D:8
 Shoals (0/4) Lair:2       Spider (0/4) Lair:3        Slime (0/5) Lair:4
    Orc (2/2) D:9             Elf (0/3) Orc:2        Bailey (visited)

Altars:
Ashenzari
Cheibriados
Elyvilon
Kikubaaqudgha
Makhleb
Okawaru
Ru
Sif Muna
Trog
Wu Jian
Yredelemnul
Zin
Jiyva

Shops:
D:6 *   D:8 (   D:9 [(   Orc:2 [?((

Portals:
Abyss: D:8

Annotations:
D:8 2 transporters, lunkers's ghost, novice MeSh
D:10 2 runed translucent doors, Xavori's ghost, journeyman OpCK
Lair:5 2 transporters, grtsk's ghost, journeyman MiBe


Innate Abilities, Weirdness & Mutations

You are completely covered in rugged brown scales. (AC +3, +7% HP)
Armour fits poorly on your strangely shaped body.
You have a long armoured tail.
You roll when moving toward enemies. (Rampage)
Your long tongue fully drains potion bottles. (2x potion effects)
Your tongue gives you trouble enunciating. (1.5x scroll delay)


Message History

Your tail-slap misses the orc high priest.
The orc high priest is severely wounded.
The orc high priest hits you with a +0 long sword.
The orc sorcerer mumbles some strange words.
The red devil hits you but does no damage.
You miss the orc high priest.
The orc high priest is severely wounded.
The orc high priest hits you but does no damage.
You bludgeon the orc high priest!!
You kill the orc high priest!
Okawaru accepts your kill.
The red devil hits you but does no damage.
Your Invocations skill increases to level 12!
Okay, then.
You gain the combat prowess of a mighty hero.
The orc sorcerer gestures wildly while chanting.
The red devil hits you but does no damage.
The sun demon hits you but does no damage.
As you slowly read the scroll of silence, it crumbles to dust.
A profound silence engulfs you.
The red devil hits you but does no damage.
The sun demon hits you.
You are engulfed in flames!
You block the orange demon's attack. You block the red devil's attack.
The sun demon hits you!
You are engulfed in flames!
You block the orange demon's attack. x2; The orange demon stings you!
* * * LOW HITPOINT WARNING * * *
You are poisoned.
The orange demon poisons you! You block the orange demon's attack.
The sun demon hits you but does no damage.
The red devil hits you but does no damage.
You sock the orange demon!
The orange demon convulses.
The orange demon is moderately wounded.
You feel very sick.
The orange demon stings you but does no damage.
You block the orange demon's attack. x3; The sun demon hits you!!
* * * LOW HITPOINT WARNING * * *
You are engulfed in flames!
* * * LOW HITPOINT WARNING * * *
Okay, then.
You die...

*,** *** ##.###.#.......
,,,***,** ####..........
,,,*,,,,* ##...........#.
,,,,,,,,* ###..........##..
,,,,,*,** ##....)......####.
,,,,,,,,* ##...)...)....###..
,,,,,,,**** ##.....#####).).....
,,,,,,*******#....######.........
,,,,,,,*∩*,*,#..@###..####.....#.
,,,,,,,*+**,,#..3##....o4####.#..
,,,,,**,,,,*,##444#[.4....∩##....
,,,,*,,,,,,,,,#oooo4.o......##...
,,,,,,,,,,,,,,##44....○.....∩##..
,,,,,,,,,,,,**,##...........∩##..
,,,,,,*,,,,,*,,,#...........####.
,,,,,,,,,,,**,,,###.......∩## ##
,,,,,,*,,,,*,,,,,,##.....###


You could see an orc high priest, a sun demon (summoned), 3 orange demons, a
rust devil (summoned), 3 orc sorcerers and a red devil (summoned).

Vanquished Creatures
  Rupert (Lair:3)
  Josephine (Lair:3)
  A hydra (Lair:5)
  An ogre mage (Orc:1)
  A centaur warrior (D:9)
  A catoblepas (Lair:5)
  A boulder beetle (Lair:2)
  6 two-headed ogres
  6 death yaks
  Urug (D:10)
  2 orc high priests (Orc:2)
  4 skysharks
  Lodul (D:10)
  6 orc knights
  2 orc sorcerers (Orc:1)
  A manticore (D:12)
  3 elephants
  3 black mambas
  Maggie (D:8)
  12 cane toads
  Psyche (D:8)
  3 rime drakes
  An unseen horror (D:11)
  9 komodo dragons
  2 burning bushes (Lair:5)
  10 polar bears
  2 trolls (D:9)
  3 blink frogs (Lair:3)
  6 raiju (Lair:5)
  5 dream sheep (Lair:5)
  2 jumping spiders (Lair:3)
  Sigmund (D:2)
  2 shadows
  5 wraiths (Lair:3)
  4 wyverns
  34 yaks
  Eustachio (D:5)
  3 basilisks
  2 steam dragons
  8 vampire mosquitoes
  A redback (Lair:3)
  5 wargs
  Duvessa (D:6)
  2 acid dragons
  11 hell hounds (Lair:5)
  11 water moccasins
  2 sky beasts (D:8)
  14 black bears
  22 orc warriors
  An ice beast (D:7)
  12 ogres
  20 wolves
  2 centaurs (D:8)
  3 phantoms
  A gnoll sergeant (D:6)
  7 kobold brigands
  2 scorpions (D:6)
  6 bullfrogs
  16 wights
  Dowan (D:6)
  4 howler monkeys
  An electric eel (Lair:5)
  5 jellies
  4 hounds
  19 orc priests
  2 gnoll boudas
  3 iguanas
  23 orc wizards
  Ijyb (D:4)
  9 hell rats
  A mummy (D:9)
  13 gnolls
  3 river rats (D:8)
  10 adders
  4 ufetubi
  6 worms
  55 orcs
  3 ball pythons
  5 endoplasms
  3 giant cockroaches
  10 goblins
  5 hobgoblins
  16 kobolds
  2 quokkas
  3 bats
  8 rats
517 creatures vanquished.

Vanquished Creatures (others)
  A kobold brigand (D:7)
  A kobold (D:7)
2 creatures vanquished.

Grand Total: 519 creatures vanquished

Notes
Turn   | Place    | Note
-------+----------+-------------------------------------------
     0 | D:1      | DocEon the Armataur Fighter began the quest for the Orb.
     0 | D:1      | Reached XP level 1. HP: 19/19 MP: 1/1
   147 | D:1      | Found a faded altar of an unknown god.
   238 | D:1      | Reached XP level 2. HP: 26/26 MP: 2/2
  1085 | D:2      | Reached XP level 3. HP: 32/32 MP: 3/3
  1375 | D:2      | Noticed Sigmund
  1381 | D:2      | Killed Sigmund
  1382 | D:2      | Reached skill level 5 in Maces & Flails
  1382 | D:2      | Reached XP level 4. HP: 39/39 MP: 4/4
  1382 | D:2      | Reached XP level 5. HP: 44/44 MP: 5/5
  2365 | D:3      | Found an iron altar of Okawaru.
  2383 | D:3      | Found a white marble altar of Elyvilon.
  2415 | D:3      | Found a sacrificial altar of Ru.
  2490 | D:3      | Found a basalt altar of Yredelemnul.
  2627 | D:3      | Noticed a phantom
  2636 | D:3      | Killed a phantom
  2637 | D:3      | Reached XP level 6. HP: 50/53 MP: 6/6
  2910 | D:3      | Became a worshipper of Warmaster Okawaru
  3613 | D:4      | Reached XP level 7. HP: 49/59 MP: 7/7
  3705 | D:4      | Found the +7 staff of the Meek {protect, meekguard}
  3805 | D:4      | Reached * piety under Okawaru
  3862 | D:4      | Noticed Ijyb
  3917 | D:4      | Paralysed by Ijyb for 4 turns
  3925 | D:4      | Killed Ijyb
  5159 | D:5      | Entered Level 5 of the Dungeon
  5411 | D:5      | Reached XP level 8. HP: 66/66 MP: 8/8
  5434 | D:5      | Found a staircase to the Ecumenical Temple.
  5569 | D:5      | Noticed Eustachio
  5578 | D:5      | Reached skill level 1 in Invocations
  5604 | D:5      | Killed Eustachio
  5852 | D:6      | Reached ** piety under Okawaru
  5877 | D:6      | Found Fosu's Assorted Antiques.
  5883 | D:6      | Bought a scroll of identify for 42 gold pieces
  5883 | D:6      | Bought a bubbling brown potion for 18 gold pieces
  5883 | D:6      | Bought a metallic orange potion for 18 gold pieces
  5883 | D:6      | Bought a runed chain mail for 157 gold pieces
  5927 | D:6      | Bought a bubbling brown potion for 18 gold pieces
  5977 | D:6      | Found an ancient bone altar of Kikubaaqudgha.
  6069 | D:6      | Found a burning altar of Makhleb.
  6070 | D:6      | Noticed a blizzard demon
  6139 | D:6      | Found a glowing silver altar of Zin.
  6139 | D:6      | Noticed an angel
  6197 | D:6      | Noticed Duvessa
  6198 | D:6      | Reached skill level 10 in Maces & Flails
  6216 | D:6      | Killed Duvessa
  6224 | D:6      | Noticed Dowan
  6227 | D:6      | Killed Dowan
  6228 | D:6      | Reached XP level 9. HP: 57/72 MP: 11/11
  6467 | D:6      | Reached *** piety under Okawaru
  6633 | D:6      | Found a broken altar of Ashenzari.
  6878 | D:7      | Found an ornate altar of the Wu Jian Council.
  7137 | D:7      | Reached skill level 5 in Invocations
  7864 | D:8      | Noticed a death yak
  7864 | D:8      | Noticed a death yak
  7898 | D:7      | Killed a death yak
  7898 | D:7      | Reached **** piety under Okawaru
  8017 | D:8      | Killed a death yak
  8018 | D:8      | Reached XP level 10. HP: 57/79 MP: 11/13
  8018 | D:8      | Noticed a death yak
  8046 | D:7      | Killed a death yak
  8343 | D:8      | Reached ***** piety under Okawaru
  8451 | D:8      | Found a transporter.
  8469 | D:8      | Found a one-way gate to the infinite horrors of the Abyss.
  8469 | D:8      | Noticed lunkers's ghost (novice MeSh)
  8497 | D:8      | Noticed Psyche
  8721 | D:8      | Found a staircase to the Lair.
  8844 | D:8      | Killed Psyche
  8904 | D:8      | Found Poetobij's Antique Weapon Emporium.
  8995 | D:8      | Noticed Maggie
  9003 | D:8      | Killed Maggie
  9226 | D:8      | Found a transporter.
  9473 | D:9      | Found Lijykoz's Armour Shop.
  9474 | D:9      | Found a staircase to the Orcish Mines.
  9479 | D:9      | Found Kued's Weapon Shop.
  9701 | D:9      | Reached skill level 4 in Armour
  9740 | D:9      | Found a snail-covered altar of Cheibriados.
  9834 | D:9      | Reached skill level 5 in Armour
  9859 | D:9      | Found a flagged portal.
  9933 | Bailey   | Entered a bailey
 10178 | Bailey   | Noticed an orc knight
 10190 | Bailey   | Noticed an orc knight
 10238 | Bailey   | Killed an orc knight
 10238 | Bailey   | Reached ****** piety under Okawaru
 10238 | Bailey   | Received a gift from Okawaru
 10239 | Bailey   | Reached skill level 6 in Armour
 10239 | Bailey   | Reached XP level 11. HP: 40/88 MP: 14/14
 10246 | Bailey   | Killed an orc knight
 10485 | Bailey   | Found a burning altar of Makhleb.
 10492 | Bailey   | Identified the ring "Topp" {rC+ Dex+6}
 10592 | D:9      | Noticed a centaur warrior
 10603 | D:9      | Killed a centaur warrior
 10604 | D:9      | Reached skill level 5 in Shields
 10605 | D:9      | Acquired a +4 morningstar of holy wrath
 10605 | D:9      | Received a gift from Okawaru
 10608 | D:9      | Acquired the +8 orange crystal plate armour {Archmagi,
                  | Int+3 Clar}
 10608 | D:9      | Received a gift from Okawaru
 10608 | D:9      | Found the +8 orange crystal plate armour {Archmagi, Int+3
                  | Clar}
 10766 | D:9      | Reached skill level 7 in Armour
 11144 | D:10     | Identified the "Sehie"
 11144 | D:10     | Entered Level 10 of the Dungeon
 11144 | D:10     | Noticed Urug
 11364 | D:10     | Killed Urug
 11581 | D:10     | Noticed a two-headed ogre
 11586 | D:10     | Killed a two-headed ogre
 11686 | D:10     | Reached skill level 8 in Armour
 11710 | D:10     | Received a gift from Okawaru
 11983 | D:10     | Noticed Lodul
 11984 | D:10     | Found a large runed translucent door.
 11984 | D:10     | Found a large runed translucent door.
 12329 | D:10     | Reached skill level 5 in Fighting
 12335 | D:10     | Killed Lodul
 12336 | D:10     | Reached skill level 9 in Armour
 12343 | D:10     | Received a gift from Okawaru
 12647 | D:10     | Noticed Xavori's ghost (journeyman OpCK)
 12933 | D:11     | You fall into a shaft and drop 1 floor!
 13217 | D:11     | Reached XP level 12. HP: 97/100 MP: 17/17
 14179 | Lair:1   | Entered Level 1 of the Lair of Beasts
 14445 | Lair:1   | Reached skill level 10 in Armour
 14635 | Lair:1   | Received a gift from Okawaru
 15620 | Lair:2   | Reached skill level 11 in Armour
 15829 | Lair:2   | Noticed a boulder beetle
 15850 | Lair:2   | Killed a boulder beetle
 15918 | Lair:2   | Received a gift from Okawaru
 16325 | Lair:2   | Found a staircase to the Shoals.
 16900 | Lair:3   | Noticed a death yak
 16900 | Lair:3   | Noticed a death yak
 16926 | Lair:3   | Noticed a death yak
 16929 | Lair:3   | Killed a death yak
 16935 | Lair:3   | Killed a death yak
 16936 | Lair:3   | Reached skill level 12 in Armour
 16944 | Lair:3   | Killed a death yak
 16945 | Lair:3   | Reached skill level 10 in Invocations
 16945 | Lair:3   | Reached XP level 13. HP: 63/111 MP: 20/20
 17129 | Lair:3   | Identified the +6 chain mail of Zin's Supremacy {+Blink rF+
                  | MP+9}
 17174 | Lair:3   | Received a gift from Okawaru
 17528 | Lair:3   | Noticed Josephine
 17538 | Lair:3   | Killed Josephine
 17852 | Lair:3   | Found a hole to the Spider Nest.
 17853 | Lair:3   | Noticed Rupert
 17869 | Lair:3   | Killed Rupert
 17870 | Lair:3   | Reached skill level 13 in Armour
 18490 | Lair:4   | Found a viscous altar of Jiyva.
 18490 | Lair:4   | Found a staircase to the Slime Pits.
 19231 | Lair:5   | Entered Level 5 of the Lair of Beasts
 19861 | Lair:4   | Received a gift from Okawaru
 20420 | Lair:5   | Reached skill level 14 in Armour
 20523 | Lair:5   | Received a gift from Okawaru
 20964 | Lair:5   | Found a transporter.
 20976 | Lair:5   | Found a transporter.
 21172 | Lair:5   | Noticed grtsk's ghost (journeyman MiBe)
 21178 | Lair:5   | Found a bloodstained altar of Trog.
 21575 | Lair:5   | Received a gift from Okawaru
 21696 | Lair:5   | Reached skill level 15 in Armour
 21713 | Lair:5   | Reached XP level 14. HP: 77/124 MP: 22/22
 22859 | Orc:1    | Entered Level 1 of the Orcish Mines
 23194 | Orc:1    | Received a gift from Okawaru
 23841 | Orc:1    | Found a shimmering blue altar of Sif Muna.
 23917 | Orc:2    | Entered Level 2 of the Orcish Mines
 23926 | Orc:2    | Found a staircase to the Elven Halls.
 24245 | Orc:2    | Reached skill level 16 in Armour
 24293 | Orc:2    | HP: 3/126 [red devil/+0 trident[an orc high priest] (17)]
 24294 | Orc:2    | Found Voen's Armour Shoppe.
 24294 | Orc:2    | Found Cekhinny's Magic Scroll Boutique.
 24326 | Orc:2    | HP: 3/126 [orc sorcerer/bolt of fire (6)]
 24327 | Orc:2    | Found Xeute's Antique Weapon Shoppe.
 24327 | Orc:2    | Found Viuniqiz's Weapon Boutique.
 25324 | Orc:2    | HP: 4/126 [sun demon[an orc sorcerer] (10)]
 25325 | Orc:2    | Succumbed to an orange demon's poison

Illustrated notes

Levels and vault maps discovered:
D:1:      dpeg_arrival_arbitrary_b, layout_loops_cross,
          chequers_ecumenical_altar_island, minivault_19, serial_bayou_lake_a
D:2:      cheibrodos_old_hovel, layout_loops_corners,
          chequers_hall_statues_wall_a, uniq_sigmund
D:3:      layout_basic, kennysheep_ying_yang, mainiacjoe_overflow_catch_the_wave
D:4:      layout_basic, pf_guarded_unrand_meek, uniq_ijyb
D:5:      layout_rooms, minmay_temple_entry_tees, uniq_eustachio
D:6:      layout_loops_ring, grunt_temple_overflow_order_and_chaos_2,
          mainiacjoe_overflow_swirl, serial_shops, nicolae_diamond_shop,
          nicolae_sextant, uniq_duvessa
D:7:      layout_loops_cross, nicolae_wu_jian_wuxing_cycle,
          kennysheep_flooded_box
D:8:      layout_loops_corners, dpeg_lair_monsters,
          gammafunk_ghost_abyssal_escape, serial_shops, nicolae_shop_waterfront,
          uniq_maggie, uniq_psyche
D:9:      layout_roguey, slow_altar_1, orc_david_3, enter_bailey_3
D:10:     layout_cave_pools, ebering_ghost_disaster_area, uniq_urug, uniq_lodul
D:11:     layout_irregular_city, serial_glass, glass_columns_c, glass_columns_c,
          due_unseen_surprise, minmay_strange_pillars, feat_on_display,
          feat_on_display
D:12:     layout_stronghold
Lair:1:   layout_cave_pods
Lair:2:   layout_gridlike, shoals_dummy_entry
Lair:3:   layout_gridlike, spider_nest_entry_a, grunt_megastairs_2,
          serial_bayou_shore_b, uniq_josephine, uniq_rupert
Lair:4:   layout_roguey, slime_entry_1
Lair:5:   hangedman_lair_caniforms_friends, layout_hall_layers,
          gammafunk_ghost_wrathful_warriors, evilmike_ambush
          [evilmike_ambush_outer_basic, evilmike_ambush_inner_cross],
          serial_bayou_shore_b, grunt_megastairs_4, serial_bayou_shore_b
Orc:1:    layout_diamond_mine, basic_altar, library_closet,
          kennysheep_orc_sif_temple
Orc:2:    grunt_orc_tribal_feast, layout_caves, serial_shops,
          nicolae_shop_tiny_glass

Skill      XL: |  1  2  3  4  5  6  7  8  9 10 11 12 13 14 |
---------------+-------------------------------------------+-----
Maces & Flails | 2 3 5 6 7 8 10 12 14 | 14.0
Invocations    | 3 5 7 10 11 12 | 12.0
Armour         | 6 9 12 15 16 | 16.3
Fighting       | 3 5 6 8 9 |  9.2
Shields        | 4 6 7 |  7.0

Action                     |  1- 3 |  4- 6 |  7- 9 | 10-12 | 13-15 || total
---------------------------+-------+-------+-------+-------+-------++-------
  Melee: Flail             |    72 |   156 |   382 |   327 |       ||   937
         Tailslap          |    12 |    13 |    58 |   116 |   137 ||   336
         Morningstar       |       |       |       |   414 |   761 ||  1175
  Throw: Dart              |       |     4 |    17 |       |       ||    21
 Invoke: Heroism           |       |       |     2 |     2 |     4 ||     8
         Finesse           |       |       |       |     1 |       ||     1
         Receive Weapon    |       |       |       |     1 |       ||     1
         Receive Armour    |       |       |       |     1 |       ||     1
  Evoke: Wand              |       |       |     1 |    18 |       ||    19
    Use: Scroll            |     2 |     5 |     8 |    14 |     9 ||    38
         Potion            |     2 |       |     2 |     5 |     2 ||    11
   Stab: Paralysed         |       |       |     1 |    19 |       ||    20
         Petrified         |       |       |       |       |     7 ||     7
         Petrifying        |       |       |       |       |     2 ||     2
 Armour: Scale mail        |    38 |   114 |   106 |       |       ||   258
         Chain mail        |       |       |   127 |   102 |       ||   229
         Skin              |       |       |       |    19 |       ||    19
         Crystal plate arm |       |       |       |   474 |   750 ||  1224
  Dodge: Dodged            |    20 |    47 |    82 |    72 |   103 ||   324
  Block: Buckler           |    17 |    68 |   183 |   312 |   391 ||   971
         Reflection        |       |     1 |     8 |     7 |     5 ||    21

Table legend: (Time is in decaauts)
 A = Elapsed time spent in this place.
 B = Non-inter-level travel time spent in this place.
 C = Inter-level travel time spent in this place.
 D = Time resting spent in this place.
 E = Time spent auto-exploring this place.
 F = Levels seen in this place.
 G = Mean time per level.
                   A        B        C        D        E       F      G
               +--------+--------+--------+--------+--------+-----+--------+
         Total |  25122 |  24114 |   1008 |   6956 |  12922 |  20 | 1256.1 |
       Dungeon |  13545 |  12855 |    690 |   3002 |   7464 |  12 | 1128.8 |
          Lair |   8549 |   8283 |    266 |   2549 |   4617 |   5 | 1709.8 |
  Orcish Mines |   2423 |   2373 |     50 |   1126 |    718 |   2 | 1211.5 |
        Bailey |    604 |    604 |      0 |    277 |    123 |   1 |  604.0 |
               +--------+--------+--------+--------+--------+-----+--------+

Top non-repeatable levels by time:
  Lair:5: 2647 daAuts
     D:4: 2172 daAuts
  Lair:4: 1780 daAuts
     D:7: 1587 daAuts
  Lair:1: 1537 daAuts
  Lair:3: 1493 daAuts
   Orc:1: 1479 daAuts
     D:9: 1372 daAuts
     D:3: 1254 daAuts
    D:11: 1228 daAuts
    D:10: 1220 daAuts
     D:2: 1113 daAuts
     D:8: 1095 daAuts
  Lair:2: 1090 daAuts
     D:6: 948 daAuts
